 Dungeon Crawl Stone Soup version 0.29.0-15-g675c0067aa (webtiles) character file.

Game seed: 13393459160160635472

11339 qw the Severer (level 11, -6/99 HPs)
             Began as a Minotaur Berserker on Sept 12, 2022.
             Was an Elder of Trog.
             Killed from afar by a gargoyle (26 damage)
             ... with a stone arrow
             ... on level 10 of the Dungeon.
             The game lasted 00:03:16 (11907 turns).

qw the Severer (Minotaur Berserker)                Turns: 11907, Time: 00:03:17

Health: -6/99      AC: 16    Str: 26    XL:     11   Next: 48%
Magic:  10/10      EV:  5    Int:  4    God:    Trog [****..]
Gold:   641        SH: 14    Dex: 10    Spells: 10/10 levels left

rFire   . . .      SeeInvis .   k - +4 broad axe (venom)
rCold   . . .      Faith    .   q - +0 tower shield
rNeg    + . .      Spirit   .   p - +0 plate armour
rPois   +          Reflect  .   (helmet restricted)
rElec   .          Harm     .   a - +0 cloak
rCorr   .          Rampage  .   o - +0 pair of gloves
Will    .....                   (no boots)
Stlth   ..........              (no amulet)
HPRegen 0.26/turn               j - ring of poison resistance
MPRegen 0.12/turn               i - ring of positive energy

@: about to teleport, on berserk cooldown, slowed, very slow
A: horns 2, retaliatory headbutt
a: Renounce Religion, Berserk, Trog's Hand, Brothers in Arms


You were on level 10 of the Dungeon.
You worshipped Trog.
Trog was greatly pleased with you.
You visited 1 branch of the dungeon, and saw 10 of its levels.

You collected 641 gold pieces.


Innate Abilities, Weirdness & Mutations

You have a pair of horns on your head.
You reflexively headbutt those who attack you in melee.


   Skills:
 - Level 9.7 Fighting
 - Level 15.8 Axes
 - Level 3.3 Throwing
 - Level 8.4 Armour
 - Level 3.3 Dodging
 + Level 7.9 Shields


You had 10 spell levels left.
You didn't know any spells.
Your spell library was empty.

Inventory:

Hand Weapons
 d - a +0 morningstar
 k - a +4 broad axe of venom (weapon)
Missiles
 b - 8 javelins (quivered)
 l - 4 boomerangs
Armour
 a - a +0 cloak (worn)
 o - a +0 pair of gloves (worn)
 p - a +0 plate armour (worn)
 q - a +0 tower shield (worn)
Jewellery
 e - a ring of poison resistance
 i - a ring of positive energy (right hand)
 j - a ring of poison resistance (left hand)
Scrolls
 g - 6 scrolls of teleportation
 h - 4 scrolls of identify
 s - a scroll of fear {unknown}
 t - a scroll of enchant armour {unknown}
Potions
 c - 3 potions of curing
 f - 5 potions of mutation
 m - a potion of cancellation
 n - a potion of haste
 r - a potion of heal wounds {unknown}

Dungeon Overview and Level Annotations

Branches:
Dungeon (10/15)            Temple (0/1) D:6
   Lair: D:8-11         Orc: D:9-12

Altars:
Fedhas
Kikubaaqudgha
Nemelex Xobeh
Ru
Uskayaw
Wu Jian
Zin
The Shining One

Annotations:
D:7 1 runed translucent door, qw's ghost, novice MiBe


Message History

The yak barely misses you. The wraith hits you! The wraith drains your vigour!
You feel as though you will be slow longer.
You closely miss the wraith. You headbutt the wraith!
You destroy the wraith!
Trog accepts your kill.
You hit the two-headed ogre. You slash the yak!
The yak looks as sick as possible!
You block the two-headed ogre's attack.
The two-headed ogre hits you with a +0 giant club!
The yak gores you.
The gargoyle hurls a stone arrow at you.
You block the stone arrow.
You slash the yak!
You kill the yak!
Trog accepts your kill.
You slice the two-headed ogre!!
The two-headed ogre looks as sick as possible!
You are no longer berserk.
You are exhausted.
You feel as though you will be slow longer.
You block the two-headed ogre's attack.
The two-headed ogre hits you with a +0 giant club.
The gargoyle hurls a stone arrow at you.
You block the stone arrow.
Your Shields skill increases to level 7!
11906 ||| READING 7 scrolls of teleportation.
As you read the scroll of teleportation, it crumbles to dust.
You feel strangely unstable.
You kill the two-headed ogre!
Trog accepts your kill. The gargoyle hits you with a +0 mace.
You hit the yak.
The yak is poisoned.
The yak is lightly wounded.
You hit the gargoyle but do no damage. The yak barely misses you.
The gargoyle hurls a stone arrow at you.
You block the stone arrow. You block the yak's attack.
The gargoyle hurls a stone arrow at you.
The stone arrow hits you!!
You die...

###......#. .~##
#.......##.
.~.###.....#.#..
.~.##...........
~~..##.....##...
~...##....###...
....#...#..##...
##Y..###..#...#.#.
###@9...#####..#..##
##...)...#. ##..#..#
#.....#....###.......
##....#..........))).
##.#.....#.)...)##..
####..#.###.#........#.
##......####...#.....###
##.......#......#..##..#.
##...#.##.................


You could see a yak (very poisoned) and a gargoyle.

Vanquished Creatures
  3 two-headed ogres
  A queen bee (D:9)
  2 trolls (D:10)
  3 wyverns
  19 yaks
  A wraith (D:10)
  Eustachio (D:4)
  3 steam dragons
  Menkaure (D:4)
  Edmund (D:4)
  An acid dragon (D:9)
  An ice beast (D:7)
  6 orc warriors
  2 black bears
  A sky beast (D:8)
  An ogre (D:6)
  5 centaurs
  2 phantoms
  2 kobold brigands
  2 necrophages
  6 bullfrogs
  4 scorpions
  3 wights (D:7)
  30 killer bees
  An oklob sapling (D:6)
  6 howler monkeys
  3 hounds
  A gnoll bouda (D:10)
  2 orc priests (D:5)
  2 jellies
  2 iguanas (D:4)
  6 orc wizards
  6 adders
  5 gnolls (D:10)
  A shadow imp (D:6)
  A white imp (D:7)
  An ufetubus (D:4)
  3 worms
  A dart slug (D:2)
  21 orcs
  3 endoplasms
  3 giant cockroaches
  5 hobgoblins
  15 jackals
  10 kobolds
  6 quokkas
  8 ball pythons
  8 bats
  5 frilled lizards
  6 goblins
  8 rats
240 creatures vanquished.

Vanquished Creatures (others)
  4 fungi (D:10)
  15 plants
  2 withered plants (D:7)
21 creatures vanquished.

Grand Total: 261 creatures vanquished

Notes
Turn   | Place    | Note
-------+----------+-------------------------------------------
     0 | D:1      | qw the Minotaur Berserker began the quest for the Orb.
     0 | D:1      | Reached XP level 1. HP: 19/19 MP: 0/0
     0 | D:1      | 0 ||| qw: Version: 0.1-a-119-g272c26d
     0 | D:1      | 0 ||| qw: Game counter: 10977
     0 | D:1      | 0 ||| qw: Always use a shield: true
     0 | D:1      | 0 ||| qw: Do Orc after D:15 true
     0 | D:1      | 0 ||| qw: Do second Lair branch before Depths: true
     0 | D:1      | 0 ||| qw: Lair rune preference: random
     0 | D:1      | 0 ||| qw: Plans: Normal
     0 | D:1      | 0 ||| PLANNING D:1-11
    26 | D:1      | 26 ||| INVOKING Berserk.
    28 | D:1      | Reached skill level 4 in Axes
    43 | D:1      | 43 ||| Stepping ~*~*~tactically~*~*~ (stealth).
   211 | D:1      | 211 ||| DROPPING +0 club.
   242 | D:1      | 242 ||| Stepping ~*~*~tactically~*~*~ (stealth).
   243 | D:1      | 243 ||| Stepping ~*~*~tactically~*~*~ (stealth).
   249 | D:1      | 249 ||| INVOKING Berserk.
   278 | D:1      | 278 ||| Stepping ~*~*~tactically~*~*~ (stealth).
   290 | D:1      | Reached XP level 2. HP: 13/26 MP: 1/1
   737 | D:1      | Reached skill level 5 in Axes
   762 | D:1      | Reached XP level 3. HP: 31/31 MP: 2/2
   917 | D:1      | 917 ||| Stepping ~*~*~tactically~*~*~ (stealth).
   943 | D:1      | Reached ** piety under Trog
  1136 | D:1      | 1136 ||| UPGRADING to +0 leather armour.
  1146 | D:1      | 1146 ||| DROPPING +0 animal skin.
  1147 | D:1      | 1147 ||| UPGRADING to +0 ring mail.
  1157 | D:1      | 1157 ||| DROPPING +0 leather armour.
  1158 | D:1      | 1158 ||| UPGRADING to +0 pair of gloves.
  1163 | D:1      | 1163 ||| UPGRADING to ring of poison resistance.
  1164 | D:1      | 1164 ||| READING scroll labelled YNEIRGH RANOUKU.
  1301 | D:1      | 1301 ||| READING 2 scrolls labelled VOFIUPT WUNNAR.
  1304 | D:1      | 1304 ||| READING scroll labelled YGATES ZUIG.
  1305 | D:1      | 1305 ||| READING scroll labelled GAKUCSEKUN.
  1306 | D:1      | 1306 ||| READING scroll labelled FUWNOK DUTSI.
  1307 | D:1      | 1307 ||| DRINKING 2 murky amethyst potions.
  1364 | D:2      | 1364 ||| Stepping ~*~*~tactically~*~*~ (stealth).
  1372 | D:2      | 1372 ||| Stepping ~*~*~tactically~*~*~ (stealth).
  1441 | D:2      | 1441 ||| Stepping ~*~*~tactically~*~*~ (stealth).
  1463 | D:2      | 1463 ||| DROPPING +0 whip.
  1761 | D:2      | 1761 ||| INVOKING Berserk.
  1768 | D:2      | Reached XP level 4. HP: 39/39 MP: 3/3
  1933 | D:2      | Reached skill level 6 in Axes
  1957 | D:2      | 1957 ||| Stepping ~*~*~tactically~*~*~ (stealth).
  1960 | D:2      | 1960 ||| Stepping ~*~*~tactically~*~*~ (stealth).
  1981 | D:2      | 1981 ||| Stepping ~*~*~tactically~*~*~ (stealth).
  2056 | D:2      | 2056 ||| Stepping ~*~*~tactically~*~*~ (hiding).
  2205 | D:2      | 2205 ||| DROPPING amulet of faith.
  2206 | D:2      | 2206 ||| READING 2 scrolls labelled FYMUNA NUUNU.
  2207 | D:2      | 2207 ||| READING scroll labelled SOGHIBRETOFU.
  2208 | D:2      | 2208 ||| DRINKING 2 red potions.
  2209 | D:2      | 2209 ||| DRINKING 2 brown potions.
  2210 | D:2      | 2210 ||| DROPPING scroll of fog.
  2211 | D:2      | 2211 ||| DROPPING potion of degeneration.
  3217 | D:3      | 3217 ||| READING 2 scrolls labelled VODAEPO COXUG.
  3218 | D:3      | 3218 ||| READING scroll labelled ADDAWN QUIZOXU.
  3219 | D:3      | 3219 ||| READING 5 scrolls of identify.
  3219 | D:3      | 3219 ||| IDENTIFYING metallic cyan potion
  3220 | D:3      | 3220 ||| READING 4 scrolls of identify.
  3220 | D:3      | 3220 ||| IDENTIFYING murky yellow potion
  3221 | D:3      | 3221 ||| DROPPING scroll of amnesia.
  3222 | D:3      | 3222 ||| DROPPING potion of flight.
  3254 | D:4      | Noticed Edmund
  3254 | D:4      | Noticed a necrophage
  3257 | D:4      | 3257 ||| INVOKING Berserk.
  3264 | D:4      | Killed Edmund
  3265 | D:4      | Reached skill level 3 in Throwing
  3265 | D:4      | Reached XP level 5. HP: 38/45 MP: 4/4
  3267 | D:4      | Reached XP level 6. HP: 43/51 MP: 5/5
  3473 | D:4      | Reached skill level 7 in Axes
  3684 | D:4      | 3684 ||| INVOKING Berserk.
  4054 | D:4      | Found a sparkling altar of Nemelex Xobeh.
  4058 | D:4      | Found a blossoming altar of Fedhas.
  4070 | D:4      | Reached skill level 8 in Axes
  4123 | D:4      | Noticed Menkaure
  4127 | D:4      | 4127 ||| INVOKING Berserk.
  4131 | D:4      | Killed Menkaure
  4132 | D:4      | Reached XP level 7. HP: 59/59 MP: 6/6
  4274 | D:4      | Noticed Eustachio
  4276 | D:4      | 4276 ||| Stepping ~*~*~tactically~*~*~ (hiding).
  4277 | D:4      | 4277 ||| INVOKING Berserk.
  4282 | D:4      | Killed Eustachio
  4283 | D:4      | Reached skill level 9 in Axes
  4307 | D:4      | 4307 ||| Stepping ~*~*~tactically~*~*~ (stealth).
  4523 | D:4      | 4523 ||| UPGRADING to +0 scale mail.
  4533 | D:4      | 4533 ||| DROPPING +0 ring mail.
  4534 | D:4      | 4534 ||| READING scroll labelled ZYTELYTHEI.
  4535 | D:4      | 4535 ||| READING scroll labelled EDGHIE OXUZ.
  4536 | D:4      | 4536 ||| READING 3 scrolls of identify.
  4536 | D:4      | 4536 ||| IDENTIFYING metallic green potion
  4537 | D:4      | 4537 ||| DROPPING potion of attraction.
  4548 | D:5      | Entered Level 5 of the Dungeon
  4584 | D:5      | Found an ancient bone altar of Kikubaaqudgha.
  4716 | D:5      | 4716 ||| Stepping ~*~*~tactically~*~*~ (stealth).
  4723 | D:5      | 4723 ||| INVOKING Berserk.
  4728 | D:5      | Reached skill level 10 in Axes
  4741 | D:5      | Reached XP level 8. HP: 56/69 MP: 7/7
  4746 | D:5      | Reached *** piety under Trog
  4760 | D:5      | 4760 ||| Stepping ~*~*~tactically~*~*~ (stealth).
  4768 | D:5      | Reached skill level 6 in Fighting
  4769 | D:5      | 4769 ||| DRINKING 3 potions of curing.
  4769 | D:5      | 4769 ||| (to cure confusion)
  4776 | D:5      | HP: 16/70 [orc wizard/magic dart (4)]
  4777 | D:5      | 4777 ||| READING 8 scrolls of teleportation.
  4778 | D:5      | HP: 3/70 [orc priest/divine providence (8)]
  5432 | D:5      | 5432 ||| UPGRADING to +2 ring mail of fire resistance.
  5442 | D:5      | 5442 ||| DROPPING +0 scale mail.
  5443 | D:5      | 5443 ||| UPGRADING to +0 chain mail.
  5474 | D:6      | 5474 ||| PLANNING SEWER
  5498 | D:6      | Reached skill level 3 in Armour
  5611 | D:6      | Found a staircase to the Ecumenical Temple.
  5620 | D:6      | 5620 ||| Stepping ~*~*~tactically~*~*~ (hiding).
  5622 | D:6      | 5622 ||| Stepping ~*~*~tactically~*~*~ (hiding).
  5628 | D:6      | 5628 ||| Stepping ~*~*~tactically~*~*~ (stealth).
  5708 | D:6      | You fall into a shaft and drop 1 floor!
  5720 | D:7      | 5720 ||| INVOKING Berserk.
  6083 | D:7      | 6083 ||| Stepping ~*~*~tactically~*~*~ (stealth).
  6090 | D:7      | 6090 ||| Stepping ~*~*~tactically~*~*~ (stealth).
  6091 | D:7      | 6091 ||| Stepping ~*~*~tactically~*~*~ (stealth).
  6094 | D:7      | 6094 ||| INVOKING Berserk.
  6098 | D:7      | HP: 20/97 [wight/+4 battleaxe (6)]
  6100 | D:7      | Reached skill level 11 in Axes
  6366 | D:7      | 6366 ||| RIP SEWER
  6366 | D:7      | 6366 ||| PLANNING D:1-11
  6366 | D:7      | 6366 ||| UPGRADING to +0 cloak.
  6371 | D:7      | 6371 ||| READING 4 scrolls of identify.
  6371 | D:7      | 6371 ||| IDENTIFYING emerald potion
  6372 | D:7      | 6372 ||| DROPPING potion of invisibility.
  6382 | D:6      | 6382 ||| RIP SEWER
  6393 | D:6      | Found a glowing golden altar of the Shining One.
  6452 | D:6      | 6452 ||| INVOKING Berserk.
  6589 | D:6      | 6589 ||| INVOKING Berserk.
  6771 | D:6      | Found a sacrificial altar of Ru.
  6865 | D:6      | 6865 ||| INVOKING Berserk.
  6996 | D:6      | 6996 ||| INVOKING Berserk.
  7287 | D:6      | Reached skill level 12 in Axes
  7299 | D:6      | 7299 ||| DROPPING +2 ring mail of fire resistance.
  7300 | D:6      | 7300 ||| UPGRADING to +0 plate armour.
  7310 | D:6      | 7310 ||| DROPPING +0 chain mail.
  7311 | D:6      | 7311 ||| READING 3 scrolls of identify.
  7311 | D:6      | 7311 ||| IDENTIFYING silvery potion
  7361 | D:7      | Reached XP level 9. HP: 43/75 MP: 8/8
  7385 | D:7      | 7385 ||| Stepping ~*~*~tactically~*~*~ (stealth).
  7386 | D:7      | 7386 ||| Stepping ~*~*~tactically~*~*~ (stealth).
  7388 | D:7      | 7388 ||| Stepping ~*~*~tactically~*~*~ (stealth).
  7421 | D:7      | 7421 ||| Stepping ~*~*~tactically~*~*~ (stealth).
  7422 | D:7      | 7422 ||| Stepping ~*~*~tactically~*~*~ (stealth).
  7423 | D:7      | 7423 ||| Stepping ~*~*~tactically~*~*~ (stealth).
  7679 | D:7      | Found a runed translucent door.
  7679 | D:7      | Noticed qw's ghost (novice MiBe)
  7708 | D:7      | Reached skill level 6 in Armour
  7736 | D:7      | Found an ornate altar of the Wu Jian Council.
  7745 | D:7      | 7745 ||| Stepping ~*~*~tactically~*~*~ (stealth).
  7746 | D:7      | 7746 ||| Stepping ~*~*~tactically~*~*~ (stealth).
  7750 | D:7      | 7750 ||| Stepping ~*~*~tactically~*~*~ (stealth).
  7767 | D:7      | 7767 ||| INVOKING Berserk.
  7778 | D:7      | HP: 29/118 [poisoned by a killer bee]
  8040 | D:7      | 8040 ||| SWAPPING to +4 war axe.
  8041 | D:7      | 8041 ||| DROPPING +1 hand axe.
  8175 | D:7      | 8175 ||| INVOKING Berserk.
  8178 | D:7      | HP: 29/118 [poisoned by a killer bee]
  8183 | D:7      | HP: 25/118 [poisoned by a killer bee]
  8188 | D:7      | HP: 12/79 [poisoned by a killer bee]
  8753 | D:7      | 8753 ||| DROPPING scarf of shadows.
  8754 | D:7      | 8754 ||| DRINKING 2 sedimented grey potions.
  8755 | D:7      | 8755 ||| DROPPING potion of brilliance.
  8839 | D:8      | Reached skill level 13 in Axes
  8865 | D:8      | 8865 ||| Stepping ~*~*~tactically~*~*~ (cloud).
  8869 | D:8      | 8869 ||| INVOKING Berserk.
  8973 | D:8      | 8973 ||| Stepping ~*~*~tactically~*~*~ (stealth).
  8984 | D:8      | 8984 ||| Stepping ~*~*~tactically~*~*~ (stealth).
  9017 | D:8      | 9017 ||| INVOKING Berserk.
  9030 | D:8      | 9030 ||| Stepping ~*~*~tactically~*~*~ (stealth).
  9084 | D:8      | 9084 ||| Stepping ~*~*~tactically~*~*~ (stealth).
  9089 | D:8      | 9089 ||| Stepping ~*~*~tactically~*~*~ (hiding).
  9098 | D:8      | 9098 ||| INVOKING Berserk.
  9218 | D:8      | Found a glowing silver altar of Zin.
  9242 | D:8      | Reached XP level 10. HP: 64/88 MP: 9/9
  9473 | D:8      | 9473 ||| INVOKING Berserk.
  9588 | D:8      | Found a hide-covered altar of Uskayaw.
  9697 | D:8      | Reached skill level 14 in Axes
  9711 | D:8      | 9711 ||| Stepping ~*~*~tactically~*~*~ (hiding).
  9776 | D:8      | 9776 ||| INVOKING Berserk.
 10180 | D:8      | 10180 ||| UPGRADING to ring of positive energy.
 10181 | D:8      | 10181 ||| READING scroll labelled MUIVIB GEIPH.
 10181 | D:8      | Identified a scroll of acquirement
 10181 | D:8      | 10181 ||| ACQUIRING +3 broad axe of venom
 10181 | D:8      | Acquired a +3 broad axe of venom
 10183 | D:8      | 10183 ||| SWAPPING to +3 broad axe of venom.
 10184 | D:8      | 10184 ||| DROPPING +4 war axe.
 10289 | D:9      | 10289 ||| Stepping ~*~*~tactically~*~*~ (stealth).
 10294 | D:9      | 10294 ||| INVOKING Berserk.
 10303 | D:9      | Reached skill level 15 in Axes
 10326 | D:9      | 10326 ||| FLEEEEING.
 10333 | D:9      | 10333 ||| STAIRDANCE
 10505 | D:9      | Noticed a two-headed ogre
 10507 | D:9      | 10507 ||| INVOKING Berserk.
 10510 | D:9      | Killed a two-headed ogre
 10511 | D:9      | Reached skill level 9 in Fighting
 10719 | D:9      | 10719 ||| Stepping ~*~*~tactically~*~*~ (stealth).
 10722 | D:9      | 10722 ||| Stepping ~*~*~tactically~*~*~ (hiding).
 10724 | D:9      | 10724 ||| Stepping ~*~*~tactically~*~*~ (hiding).
 10731 | D:9      | Reached skill level 3 in Dodging
 10733 | D:9      | Reached **** piety under Trog
 10755 | D:9      | 10755 ||| INVOKING Berserk.
 10775 | D:9      | Noticed a two-headed ogre
 10781 | D:9      | Killed a two-headed ogre
 10782 | D:9      | Reached XP level 11. HP: 30/99 MP: 10/10
 11072 | D:9      | 11072 ||| Stepping ~*~*~tactically~*~*~ (hiding).
 11192 | D:9      | 11192 ||| UPGRADING to +0 tower shield.
 11197 | D:9      | 11197 ||| READING 5 scrolls of identify.
 11197 | D:9      | 11197 ||| IDENTIFYING fuming pink potion
 11198 | D:9      | 11198 ||| DROPPING potion of lignification.
 11228 | D:10     | Entered Level 10 of the Dungeon
 11236 | D:10     | Reached skill level 1 in Shields
 11241 | D:10     | Reached skill level 3 in Shields
 11423 | D:10     | 11423 ||| Stepping ~*~*~tactically~*~*~ (stealth).
 11427 | D:10     | 11427 ||| Stepping ~*~*~tactically~*~*~ (hiding).
 11428 | D:10     | 11428 ||| INVOKING Berserk.
 11538 | D:10     | 11538 ||| READING scroll of enchant weapon.
 11538 | D:10     | 11538 ||| ENCHANTING +3 broad axe of venom.
 11582 | D:10     | 11582 ||| Stepping ~*~*~tactically~*~*~ (stealth).
 11585 | D:10     | 11585 ||| Stepping ~*~*~tactically~*~*~ (stealth).
 11587 | D:10     | 11587 ||| INVOKING Berserk.
 11882 | D:10     | 11882 ||| Stepping ~*~*~tactically~*~*~ (stealth).
 11883 | D:10     | 11883 ||| Stepping ~*~*~tactically~*~*~ (stealth).
 11885 | D:10     | 11885 ||| Stepping ~*~*~tactically~*~*~ (stealth).
 11887 | D:10     | 11887 ||| INVOKING Berserk.
 11893 | D:10     | Noticed a two-headed ogre
 11897 | D:10     | Reached skill level 6 in Shields
 11905 | D:10     | HP: 24/99 [two-headed ogre/+0 giant spiked club (2)]
 11906 | D:10     | 11906 ||| READING 7 scrolls of teleportation.
 11906 | D:10     | Killed a two-headed ogre
 11907 | D:10     | Killed from afar by a gargoyle

Levels and vault maps discovered:
D:1:      mrwooster_arrival_statue, layout_rooms, minmay_hedge_maze,
          minmay_heptomino_h4
D:2:      minmay_general_purpose_star, layout_loops_ring
D:3:      layout_basic, serial_co_window_serial, co_window_of_opportunity_a,
          co_window_paths_b, co_window_corner_a, co_window_paths_a,
          co_window_corner_a, co_window_of_opportunity_a, co_window_corner_a,
          co_window_corner_a, co_window_paths_a, co_window_broadway_c,
          co_window_corner_b, co_window_broadway_a, co_window_paths_d,
          bh_walls_and_bars
D:4:      layout_basic, mainiacjoe_overflow_brackets, fedhas_altar_3,
          uniq_menkaure, uniq_edmund, uniq_eustachio
D:5:      layout_basic, mainiacjoe_overflow_catwalk
D:6:      layout_basic, old_standard_altar, lemuel_round_altar,
          minmay_temple_entry_oklob, gup_sewer_entry_spiral,
          kennysheep_generic_room_13
D:7:      layout_layer_cave, mainiacjoe_overflow_surrounded_room,
          gammafunk_ghost_grave
D:8:      layout_gridville, mainiacjoe_overflow_paths,
          mainiacjoe_overflow_small_starburst
D:9:      layout_roguey, special_room [special_room_bee]
D:10:     layout_cave_pools, xom_confusion_cloud,
          grunt_lair_entry_orc_guard_hut, enter_bailey_3, kennysheep_cross_room

Skill      XL: |  1  2  3  4  5  6  7  8  9 10 11 |
---------------+----------------------------------+-----
Axes           | 4 5 6 8 10 12 13 15 | 15.8
Throwing       | 3 |  3.3
Fighting       | 4 5 6 8 9 |  9.7
Armour         | 5 7 8 |  8.4
Dodging        | 3 |  3.3
Shields        | 7 |  7.9

Action                   |  1- 3 |  4- 6 |  7- 9 | 10-12 || total
-------------------------+-------+-------+-------+-------++-------
Melee: Hand axe          |   100 |    87 |   169 |       ||   356
       Headbutt          |    11 |     7 |    33 |    27 ||    78
       Punch             |       |       |     1 |     1 ||     2
       War axe           |       |       |    54 |    13 ||    67
       Broad axe         |       |       |       |   135 ||   135
Throw: Javelin           |       |    26 |    52 |    28 ||   106
Invok: Berserk           |     3 |     3 |    13 |     8 ||    27
  Use: Scroll            |     5 |     6 |     6 |     4 ||    21
       Potion            |     1 |     2 |     2 |       ||     5
Armor: Animal skin       |    13 |       |       |       ||    13
       Ring mail         |     3 |    31 |     3 |       ||    37
       Scale mail        |       |       |    20 |       ||    20
       Chain mail        |       |       |    11 |       ||    11
       Plate armour      |       |       |    79 |   101 ||   180
Dodge: Dodged            |    59 |    28 |    85 |    65 ||   237
Block: Tower shield      |       |       |       |    55 ||    55

Table legend:
 A = Non-vault XP
 B = Vault XP
 C = Vault XP percentage of total XP
 D = Non-vault monster count
 E = Vault monster count
 F = Vault count percentage of total count
                 A         B        C        D         E       F
            +---------+---------+-------+---------+---------+-------
      Total |   11482 |    4717 |  29.1 |     192 |      48 |  20.0
            +---------+---------+-------+---------+---------+-------
        D:1 |      53 |       6 |  10.2 |      33 |       3 |   8.3
        D:2 |      54 |       4 |   6.9 |      18 |       3 |  14.3
        D:3 |      17 |       0 |   0.0 |      13 |       0 |   0.0
        D:4 |     495 |     543 |  52.3 |      18 |       3 |  14.3
        D:5 |     490 |       0 |   0.0 |      16 |       0 |   0.0
        D:6 |     398 |     194 |  32.8 |      10 |       8 |  44.4
        D:7 |    1629 |       0 |   0.0 |      24 |       0 |   0.0
        D:8 |    2708 |       0 |   0.0 |      23 |       0 |   0.0
        D:9 |    3716 |    1249 |  25.2 |      18 |      16 |  47.1
       D:10 |    1922 |    2721 |  58.6 |      19 |      15 |  44.1
            +---------+---------+-------+---------+---------+-------
